 Dungeon Crawl Stone Soup version 0.25-b1-23-ge2ad7d536c (webtiles) character file.

Game seed: 159556957021110088, levelgen mode: deterministic

43 Esekla the Charmwright (level 3, 0/27 HPs)
             Began as a Vine Stalker Skald on June 1, 2020.
             Was an Initiate of Ashenzari.
             Succumbed to an adder's poison
             ... on level 2 of the Dungeon.
             The game lasted 00:06:03 (791 turns).

Esekla the Charmwright (Vine Stalker Skald)          Turns: 791, Time: 00:06:03

Health: 0/27       AC: 21    Str: 13    XL:     3   Next: 58%
Magic:  1/7        EV:  2    Int: 14    God:    Ashenzari [......]
Gold:   93         SH:  0    Dex: 13    Spells: 2/7 levels left

rFire    . . .     SeeInvis .   a - +0 falchion
rCold    . . .     Gourm    .   (no shield)
rNeg     + + +     Faith    .   (armour currently unavailable)
rPois    +         Spirit   +   (helmet currently unavailable)
rElec    .         Reflect  .   (cloak currently unavailable)
rCorr    .         Harm     .   (gloves currently unavailable)
MR       .....     NoTele   +   (boots currently unavailable)
Stlth    +.........             (no amulet)
HPRegen  0.09/turn              (no ring)
MPRegen  0.10/turn              (no ring)

@: lethally poisoned (0 -> -4), tree-form
A: magic shield, no potion heal 3, rot immunity
a: Curse Item, Renounce Religion


You were on level 2 of the Dungeon.
You worshipped Ashenzari.
Ashenzari was noncommittal.
You were not hungry.
You were a tree.
You visited 1 branch of the dungeon, and saw 2 of its levels.

You collected 93 gold pieces.

Inventory:

Hand Weapons
 a - a +0 falchion (weapon)
Armour
 b - a +0 leather armour (melded)
 f - a +0 pair of boots (melded)
 j - a +1 helmet (melded)
Scrolls
 c - a scroll of fog {unknown}
 g - a scroll of blinking {unknown}
 h - 2 scrolls of fear {unknown}
 i - a scroll of teleportation {unknown}
 k - a scroll of remove curse
 l - a scroll of enchant weapon {unknown}
 m - a scroll of identify {unknown}
Comestibles
 d - 2 rations


   Skills:
 + Level 1.9 Fighting
 + Level 2.1 Long Blades
 + Level 1.0 Armour
 + Level 1.8 Dodging
 * Level 2.6 Spellcasting
 + Level 3.4 Charms
 * Level 1.0 Translocations


You had 2 spell levels left.
You knew the following spells:

 Your Spells              Type           Power        Failure   Level  Hunger
a - Infusion              Chrm           ##..         5%          1    #......
g - Shroud of Golubria    Chrm/Tloc      #.....       14%         2    ###....
s - Song of Slaying       Chrm           ##......     9%          2    ###....

Your spell library contained the following spells:

 Spells                   Type           Power        Failure   Level  Hunger
 Ozocubu's Armour         Chrm/Ice       #.......     32%         3    ###....
 Spectral Weapon          Hex/Chrm       #.......     32%         3    ###....


Dungeon Overview and Level Annotations

Branches:
Dungeon (2/15)

Altars:
Ashenzari


Innate Abilities, Weirdness & Mutations

((You have extremely sharp teeth.))
When hurt, damage is shared between your health and your magic reserves.
((Your bite disrupts and absorbs the magic of your enemies.))
Potions cannot restore your health.
You are immune to rotting.


Message History

You hit the adder.
You kill the adder!
Your Long Blades skill increases to level 2!
Your Armour skill increases to level 1!
* * * LOW HITPOINT WARNING * * *
You feel sick.
The rat bites the plant but does no damage.
The gnoll hits you but does no damage. The gnoll hits you with a +0 club.
* * * LOW HITPOINT WARNING * * *
The rat bites the plant but does no damage.
You barely miss the gnoll.
The gnoll is heavily wounded.
The gnoll hits you from afar with a +0 halberd.
* * * LOW HITPOINT WARNING * * *
The gnoll hits you but does no damage.
The rat bites the plant but does no damage.
You hit the gnoll.
You kill the gnoll!
Your Translocations skill increases to level 1!
You die...

#.....#####..♣.♣ P..♣.P
##....#......P♣♣ ♣..♣..♣
####.............♣ P.....P
...............♣P♣♣.♣....P..
###..####....<.#P..♣...... .
#...# #.......♣.♣.P8..#.P.
#.#†## #....#.♣♣.♣r♣.......
##.#..###.....#.♣)gP..#...#
##.##...#......♣♣♣♣.....[...
#..####.#....#...P♣♣P♣.[_?.P
#.#####......#..P♣♣.........
..##_..........#.....♣#..§#.
.(##........##.#P.♣P♣. .§§§P
#(##........##...P♣P.. #§.P
#.##........##..♣P♣♣ .. .§♣
#..#........##.# ♣♣ ..♣
##...........#.♣ P..


You could see a gnoll and a rat.

Vanquished Creatures
  An adder (D:2)
  A gnoll (D:2)
  A leopard gecko (D:1)
  2 bats
  A giant cockroach (D:1)
  2 goblins (D:1)
  2 hobgoblins (D:1)
  2 jackals (D:1)
  2 quokkas (D:2)
  5 kobolds
  4 rats
23 creatures vanquished.

Notes
Turn   | Place    | Note
-------+----------+-------------------------------------------
     0 | D:1      | Esekla the Vine Stalker Skald began the quest for the Orb.
     0 | D:1      | Reached XP level 1. HP: 11/11 MP: 4/4
   388 | D:1      | Reached XP level 2. HP: 10/15 MP: 4/6
   514 | D:1      | Learned a level 2 spell: Shroud of Golubria
   517 | D:1      | Learned a level 2 spell: Song of Slaying
   698 | D:2      | Found a shattered altar of Ashenzari.
   713 | D:2      | Became a worshipper of Ashenzari the Shackled
   771 | D:2      | Found a shattered altar of Ashenzari.
   780 | D:2      | Reached XP level 3. HP: 6/18 MP: 2/7
   789 | D:2      | Reached skill level 1 in Armour
   790 | D:2      | HP: 1/27 [gnoll/+0 halberd (1)]
   791 | D:2      | Reached skill level 1 in Translocations
   791 | D:2      | Succumbed to an adder's poison

Illustrated notes

Levels and vault maps discovered:
D:1:      heliophobic_arrival_glass_houses, layout_basic, minmay_misc_feat_rows
D:2:      wad_woods_stonehenge, layout_rooms, overflow_temple_1_default

Skill      XL: |  1  2  3 |
---------------+----------+-----
Long Blades    | 2 |  2.1
Armour         | 1 |  1.0
Translocations | 1 |  1.0
Fighting       | |  1.9
Dodging        | |  1.8
Spellcasting   | |  2.6
Charms         | |  3.4

Action                   || total
-------------------------++-------
Melee: Falchion          ||    61
       Bite              ||    18
  Use: Potion            ||     1
Armor: Leather armour    ||    21
       Skin              ||    12
Dodge: Dodged            ||    50
       Rpst.: Falchion   ||    19
